 Dungeon Crawl Stone Soup version 0.19.0-2-gae57169 (webtiles) character file.

151 Monsterracer the Firebug (level 5, -1/28 HPs)
             Began as a Deep Elf Fire Elementalist on Nov 6, 2016.
             Slain by an orc
             ... wielding a +0 trident
              (5 damage)
             ... on level 3 of the Dungeon.
             The game lasted 00:10:21 (2701 turns).

Monsterracer the Firebug (DEFE)                     Turns: 2701, Time: 00:10:22

Health: -1/28      AC:  3    Str:  5    XL:     5   Next: 11%
Magic:  3/13       EV: 13    Int: 21    God:
Gold:   129        SH:  0    Dex: 15    Spells: 3 memorised, 4 levels left

rFire  . . .     SeeInvis .     i - +0 dagger
rCold  . . .     Gourm    .     a - +0 robe
rNeg   . . .     Faith    .     (no shield)
rPois  .         Spirit   .     (no helmet)
rElec  .         Reflect  .     (no cloak)
rCorr  .         Harm     .     p - +0 pair of gloves
MR     .....                    (no boots)
Stlth  +++.......               (no amulet)
                                (no ring)
                                l - ring of stealth

@: no status effects
A: no striking features
a: no special abilities


You were on level 3 of the Dungeon.
You were hungry.

You visited 1 branch of the dungeon, and saw 3 of its levels.

You collected 129 gold pieces.

Inventory:

Hand Weapons
 i - a +0 dagger (weapon)
Armour
 a - a +0 robe (worn)
 p - a +0 pair of gloves (worn)
Jewellery
 l - a ring of stealth (left hand)
Scrolls
 d - a scroll of immolation {unknown}
 g - 2 scrolls of identify {unknown}
 h - a scroll of blinking {unknown}
 j - 2 scrolls of teleportation {unknown}
 k - 2 scrolls of enchant armour {unknown}
Potions
 e - a potion of curing
 o - a potion of ambrosia
Books
 b - a book of Flames

   Spells                             Type                      Level
   a - Flame Tongue                   Conjuration/Fire             1
   b - Throw Flame                    Conjuration/Fire             2
   c - Conjure Flame                  Conjuration/Fire             3
   d - Inner Flame                    Hexes/Fire                   3
   e - Sticky Flame                   Conjuration/Fire             4
   f - Fireball                       Conjuration/Fire             5
Comestibles
 c - a bread ration
 f - a slice of pizza
 n - 4 fruits


   Skills:
 - Level 2.4 Dodging
 - Level 2.4 Stealth
 + Level 4.1 Spellcasting
 * Level 3.2 Conjurations
 * Level 5.0 Fire Magic


You had 4 spell levels left.
You knew the following spells:

 Your Spells              Type           Power        Failure   Level  Hunger
a - Flame Tongue          Conj/Fire      ###..        1%          1    None
b - Conjure Flame         Conj/Fire      ###.....     10%         3    ###....
c - Sticky Flame          Conj/Fire      ###.....     24%         4    ####...


Dungeon Overview and Level Annotations

Branches:
Dungeon (3/15)

Altars:
Makhleb
Nemelex Xobeh
Qazlal
Uskayaw
Yredelemnul

Annotations:
D:3 Sigmund


Message History

Sigmund barely misses you.
There is an open door here.
You bump into the rock wall.
Something unseen opens the door.
Sigmund hits you from afar with a scythe.
* * * LOW HITPOINT WARNING * * *
A kobold comes into view.
The orc shouts!
The hobgoblin misses you. Sigmund hits you but does no damage.
You feel less confused. The orc barely misses you. Sigmund misses you.
The hobgoblin hits you.
* * * LOW HITPOINT WARNING * * *
The orc hits you but does no damage. The kobold misses you.
The orc barely misses you.
The hobgoblin hits you but does no damage.
There is a stone staircase leading up here.
The hobgoblin hits you but does no damage.
The orc hits you from afar with a trident.
You die...

#######.########
##o#######..... #o#
#...o.())..... #.#
#############.....
#.#######... .. #.....
#.......#'## ..# #..o..
#..........##...#
#.....
####.....o....'....#
######
.............ogK.#....#
########.####@#@## ..#
...# #.#.# # #####
#.#.. #.#### #.. #.#
###


You could see 2 orcs, a hobgoblin and a kobold.

Vanquished Creatures
  A hound (D:2)
  An orc wizard (D:3)
  2 adders
  An ooze (D:2)
  2 worms (D:2)
  A dart slug (D:1)
  4 leopard geckos
  3 orcs
  6 bats
  2 gnoll zombies (D:2)
  8 goblins
  2 hobgoblins (D:1)
  3 jackals (D:3)
  3 quokkas (D:2)
  3 frilled lizards
  7 kobolds
  9 rats
58 creatures vanquished.

Notes
Turn   | Place    | Note
-------+----------+-------------------------------------------
     0 | D:1      | Monsterracer the Deep Elf Fire Elementalist began the quest for the Orb.
     0 | D:1      | Reached XP level 1. HP: 10/10 MP: 6/6
   372 | D:1      | Reached XP level 2. HP: 15/15 MP: 6/8
   656 | D:1      | Reached skill level 4 in Fire Magic
   970 | D:2      | Reached XP level 3. HP: 19/19 MP: 6/10
   975 | D:2      | Learned a level 3 spell: Conjure Flame
  1081 | D:2      | Found a hide-covered altar of Uskayaw.
  1082 | D:2      | Noticed a hand axe
  1082 | D:2      | Noticed a dagger
  1172 | D:2      | Found a stormy altar of Qazlal.
  1217 | D:2      | Found a sparkling altar of Nemelex Xobeh.
  1239 | D:2      | Found a basalt altar of Yredelemnul.
  1536 | D:2      | Reached XP level 4. HP: 19/24 MP: 0/11
  1919 | D:2      | Found a burning altar of Makhleb.
  2436 | D:3      | Learned a level 4 spell: Sticky Flame
  2635 | D:3      | Reached skill level 5 in Fire Magic
  2635 | D:3      | Reached XP level 5. HP: 9/28 MP: 0/13
  2680 | D:3      | Noticed Sigmund
  2701 | D:3      | Slain by an orc

Skill      XL: |  1  2  3  4 |
---------------+-------------+-----
Fire Magic     | 4 5 |  5.0
Conjurations   | 2 3 |  3.2
Spellcasting   | 4 |  4.1
Dodging        | |  2.4
Stealth        | |  2.4

Action                   |  1- 3 |  4- 6 || total
-------------------------+-------+-------++-------
Melee: Unarmed           |    11 |       ||    11
       Dagger            |     5 |     3 ||     8
 Cast: Flame Tongue      |    70 |    36 ||   106
       Conjure Flame     |     1 |     2 ||     3
  Use: Potion            |     6 |     2 ||     8
 Stab: Sleeping          |       |     1 ||     1
  Eat: Chunk             |     1 |     4 ||     5
Armor: Robe              |     7 |     6 ||    13
Dodge: Dodged            |    34 |    22 ||    56
